Map: Cyber Forest LE

Players

PeLLy - Winner!

  • Race: Zerg Zerg
  • League: Diamond
  • Spawn Location: 5:00

veNox

  • Race: Protoss Protoss
  • League: Diamond
  • Spawn Location: 11:00

VOD

Have the link to the VOD?

Description

Time

  • Played on: Aug. 13, 2019, 4:37 p.m.
  • Length: 26:43
Show
View Real Time Build Order
Export as new Build Order

PeLLy Zerg - Winner!

Build Orders: 3 Hatch before Pool, Muta Ling Bane 

Get SALT Encoding   

  12  0:01  Drone  
  13  0:11  Drone  
  14  0:15  Extractor  
  14  0:16  Drone  
  15  0:22  Overlord  
  15  0:40  Drone x2  
  17  0:46  Drone  
  18  1:00  Drone, Hatchery  
  18  1:23  Drone, Hatchery  
  18  1:37  Spawning Pool  
  18  1:39  Drone  
  18  1:51  Drone x3  
  21  2:03  Drone  
  21  2:06  Extractor  
  21  2:13  Overlord  
  21  2:19  Drone  
  22  2:24  Queen  
  22  2:26  Drone  
  22  2:28  Drone  
  26  2:34  Drone  
  27  2:42  Spine Crawler  
  26  2:49  Drone  
  26  2:50  Spine Crawler, Overlord  
  26  2:55  Spine Crawler  
  27  3:03  Spine Crawler  
  26  3:09  Spine Crawler  
  25  3:13  Queen  
  25  3:15  Drone x5  
  33  3:40  Zergling x2  
  33  3:41  Zergling x8  
  39  3:43  Metabolic Boost  
  39  3:47  Extractor  
  33  4:06  Zergling x2  
  33  4:09  Zergling x8  
  38  4:12  Drone  
  39  4:21  Evolution Chamber  
  38  4:24  Roach Warren  
  38  4:25  Hatchery  
  36  4:51  Zergling x4  
  35  4:53  Overlord x2  
  35  4:54  Overlord  
  31  5:10  Drone x3  
  31  5:13  Zerg Missile Weapons Level 1  
  33  5:17  Drone x2  
  33  5:18  Queen x2  
  39  5:27  Overlord x2  
  39  5:47  Baneling Nest  
  38  5:50  Drone  
  38  5:51  Drone x5  
  44  6:04  Zergling x2  
  44  6:05  Zergling x4  
  44  6:08  Drone x2  
  44  6:10  Queen  
  51  6:11  Queen  
  51  6:14  Lair  
  53  6:23  Evolution Chamber  
  49  6:37  Spore Crawler  
  48  6:46  Zergling x22  
  59  6:54  Spore Crawler  
  59  6:57  Zerg Melee Weapons Level 1  
  57  7:36  Drone x14  
  66  7:50  Zergling x2  
  66  7:51  Zergling x16  
  67  7:59  Roach  
  67  8:00  Roach  
  67  8:04  Extractor  
  67  8:05  Drone, Extractor  
  69  8:06  Drone  
  69  8:09  Roach  
  73  8:21  Extractor  
  73  8:23  Extractor  
  73  8:25  Spire  
  67  8:35  Centrifical Hooks  
  67  8:39  Roach  
  67  8:40  Roach x2  
  73  8:41  Overlord x4  
  73  9:01  Drone x4  
  77  9:08  Hatchery  
  76  9:14  Baneling  
  76  9:15  Baneling x13  
  76  9:26  Drone x3  
  79  9:31  Drone x3  
  82  9:45  Extractor  
  82  9:47  Mutalisk  
  82  9:48  Mutalisk x8  
  98  10:15  Roach  
  98  10:16  Roach x3  
  98  10:19  Overlord x2  
  98  10:20  Overlord x4  
  91  10:54  Roach  
  91  10:55  Roach x11  
  115  11:16  Roach  
  115  11:17  Roach x6  
  129  11:28  Ravager x5  
  129  11:29  Ravager  
  135  11:34  Zerg Missile Weapons Level 2  
  135  11:37  Glial Reconstitution  
  135  11:42  Hatchery  
  99  12:29  Ravager x2  
  97  12:30  Ravager  
  92  12:44  Roach x17  
  115  13:00  Ravager  
  115  13:01  Ravager x3  
  119  13:08  Roach  
  119  13:09  Roach x5  
  131  13:18  Drone x3  
  131  13:19  Queen  
  136  13:34  Roach, Spore Crawler  
  135  13:35  Roach x4  
  145  13:44  Ravager  
  138  13:58  Roach  
  138  13:59  Roach x10  
  160  14:10  Overlord x4  
  160  14:11  Overlord  
  113  15:01  Zergling x18  
  113  15:02  Zergling x4  
  87  15:18  Zergling x4  
  87  15:19  Zergling x4  
  87  15:26  Baneling x15  
  87  15:35  Drone x6  
  93  15:46  Infestation Pit  
  92  15:51  Drone x4  
  96  16:09  Extractor  
  95  16:27  Hydralisk Den  
  95  16:28  Hive  
  72  16:48  Roach x9, Zergling x2  
  72  16:49  Zergling x18  
  94  17:11  Spine Crawler  
  94  17:12  Spine Crawler  
  87  17:17  Spine Crawler  
  87  17:19  Baneling  
  87  17:20  Baneling x13  
  85  17:38  Hatchery  
  84  17:53  Hydralisk x6  
  84  17:54  Hydralisk x2  
  100  18:00  Greater Spire  
  100  18:22  Drone x4  
  104  18:36  Extractor  
  103  18:54  Nydus Network  
  102  19:00  Extractor  
  102  19:02  Drone x6  
  107  19:03  Drone x2  
  109  19:29  Swarm Host x9  
  109  19:30  Swarm Host  
  139  19:50  Swarm Host x5  
  154  20:00  Pneumatized Carapace  
  154  20:23  Drone x3  
  157  20:36  Nydus Canal  
  157  20:52  Nydus Canal  
  157  21:16  Hydralisk  
  157  21:17  Hydralisk x3  
  157  21:18  Zergling x8  
  169  21:21  Overlord  
  169  21:22  Overlord x5  
  166  22:12  Zergling x18  
  171  22:40  Nydus Canal  
  171  22:45  Hatchery  
  160  23:21  Grooved Spines  
  146  23:46  Nydus Canal  
  146  23:52  Hydralisk x16  
  146  23:53  Hydralisk x5  
  161  24:22  Hydralisk x6  
  170  24:32  Muscular Augments  
  163  24:41  Corruptor x5  
  163  24:42  Corruptor  
  104  25:04  Zergling x2  
  104  25:05  Zergling x10  
  104  25:10  Drone x3  
  104  25:12  Extractor  
  106  25:14  Extractor  
  106  25:16  Queen  
  107  25:22  Corruptor x6  
  119  25:29  Brood Lord x2  
  119  25:30  Brood Lord x4  
  119  25:33  Corruptor  
  133  25:51  Queen  
  133  25:52  Nydus Canal  
Show
View Real Time Build Order
Export as new Build Order

veNox Protoss 

Build Orders:  

Get SALT Encoding   

  12  0:01  Probe  
  13  0:13  Probe  
  14  0:18  Pylon  
  14  0:25  Probe  
  15  0:33  Probe  
  15  0:38  Assimilator  
  15  0:41  Probe  
  17  0:50  Gateway  
  17  0:52  Probe  
  18  0:58  Assimilator  
  18  1:00  Probe  
  19  1:08  Probe  
  19  1:15  Pylon  
  19  1:18  Probe  
  21  1:30  Probe  
  22  1:39  Cybernetics Core  
  22  1:43  Probe  
  23  1:55  Pylon, Probe  
  23  1:59  Gateway  
  24  2:05  Warp Gate  
  24  2:07  Probe  
  25  2:17  Stalker  
  27  2:26  Robotics Facility  
  27  2:32  Gateway  
  27  2:42  Probe  
  28  2:47  Stalker  
  28  2:48  Stalker  
  32  3:17  Shield Battery, Stalker  
  32  3:18  Stalker  
  36  3:33  Warp Prism  
  38  4:09  Pylon  
  39  4:10  Observer  
  39  4:12  Pylon  
  39  4:24  Twilight Council  
  37  4:34  Zealot  
  37  4:37  Gateway  
  39  4:38  Probe  
  37  4:47  Probe  
  37  4:50  Stalker  
  37  4:51  Stalker  
  40  4:56  Probe  
  40  4:57  Zealot  
  41  5:09  Immortal  
  45  5:15  Blink  
  45  5:26  Stalker, Zealot  
  45  5:27  Zealot  
  50  5:50  Nexus  
  50  5:57  Warp Prism  
  52  6:04  Pylon  
  52  6:16  Pylon  
  52  6:17  Pylon  
  52  6:59  Forge, Probe  
  52  7:02  Probe  
  52  7:03  Shield Battery  
  52  7:07  Probe  
  54  7:13  Sentry x3  
  54  7:14  Probe  
  62  7:17  Probe  
  63  7:26  Probe  
  54  7:38  Probe, Zealot  
  54  7:39  Zealot  
  54  7:40  Zealot  
  54  7:41  Zealot  
  47  7:59  Probe  
  47  8:01  Templar Archives  
  47  8:02  Assimilator  
  47  8:05  Photon Cannon  
  46  8:06  Photon Cannon  
  46  8:07  Probe  
  46  8:09  Observer  
  46  8:12  Protoss Ground Weapons Level 1  
  48  8:13  Zealot  
  48  8:15  Zealot  
  48  8:17  Sentry, Probe  
  55  8:24  Shield Battery  
  55  8:29  Charge  
  55  8:34  Probe  
  55  8:38  Assimilator  
  56  8:46  Probe  
  57  8:51  Pylon  
  57  8:54  Pylon  
  57  9:00  Observer  
  58  9:10  Pylon  
  58  9:11  High Templar x3  
  58  9:12  High Templar  
  58  9:15  Gateway  
  66  9:17  Gateway  
  66  9:21  Archon x2  
  66  9:23  Warp Prism  
  68  9:38  Pylon  
  68  10:00  Stalker x3  
  68  10:01  Protoss Ground Armor Level 1, Stalker  
  76  10:15  High Templar x2  
  76  10:17  Probe  
  76  10:20  Archon  
  80  10:25  Probe  
  80  10:28  Stalker x2  
  83  10:32  Photon Cannon  
  86  10:35  Photon Cannon, Probe  
  66  10:51  Zealot  
  66  10:52  Zealot x2  
  66  10:53  Zealot  
  66  10:54  Zealot x2  
  78  11:09  Pylon  
  76  11:12  Psionic Storm  
  76  11:13  Pylon x2, Nexus  
  76  11:25  High Templar  
  78  11:26  High Templar  
  80  11:45  Stalker  
  80  11:46  Stalker  
  84  11:47  Stalker  
  84  11:48  Zealot  
  54  12:16  Stalker, Zealot x2  
  54  12:17  Zealot x2  
  54  12:18  Zealot  
  60  12:23  Pylon  
  57  12:42  Zealot x4  
  57  12:44  Stalker x2  
  61  12:58  Immortal  
  61  13:00  Robotics Bay  
  65  13:15  Zealot  
  65  13:16  Zealot x2  
  71  13:24  Sentry  
  73  13:35  High Templar  
  73  13:37  Immortal  
  77  13:54  Zealot x3  
  77  13:55  Zealot x2  
  83  14:08  Pylon  
  83  14:11  Colossus  
  83  14:12  High Templar  
  83  14:14  Zealot  
  83  14:15  Zealot  
  90  14:31  Stalker  
  90  14:32  Stalker x2  
  87  14:47  Stalker x2  
  87  14:48  Stalker  
  65  15:09  Zealot x3  
  65  15:13  Archon  
  65  15:28  High Templar x2  
  65  15:30  Zealot x3  
  75  16:10  Nexus  
  75  16:16  High Templar  
  75  16:17  Pylon, High Templar  
  59  16:49  Zealot  
  59  16:50  High Templar  
  59  16:54  High Templar  
  60  17:01  Archon  
  51  17:29  Probe  
  51  17:32  Probe  
  51  17:33  Probe  
  54  17:37  Probe  
  55  17:44  Probe  
  55  17:45  Probe  
  55  17:50  Shield Battery  
  57  17:53  Forge  
  57  17:58  Probe  
  58  18:07  Probe  
  58  18:20  Probe  
  59  18:28  Probe  
  60  18:37  Probe  
  60  18:39  Assimilator  
  61  18:43  Assimilator  
  61  18:46  Photon Cannon  
  61  19:09  Zealot x2  
  65  19:29  Probe  
  65  19:31  High Templar  
  67  19:37  Probe  
  69  19:46  Probe  
  70  19:55  Colossus  
  70  19:58  Probe  
  77  20:10  Probe  
  76  20:18  Probe  
  76  20:23  Probe  
  76  20:26  Probe  
  79  20:35  Probe  
  79  20:37  Probe  
  81  20:44  High Templar  
  81  20:48  Probe  
  80  21:16  Stalker x3  
  80  21:17  Stalker  
  80  21:18  Zealot  
  90  21:24  Observer  
  91  21:39  Colossus  
  97  21:52  Pylon  
  97  21:53  Zealot  
  97  21:54  Zealot  
  101  22:03  High Templar  
  103  22:25  High Templar  
  105  22:30  Archon  
  105  22:45  Zealot x3  
  100  23:15  Zealot  
  100  23:16  Zealot x2  
  106  23:23  Zealot  
  102  23:54  Zealot x2  
  102  23:55  Zealot x2  
  100  24:31  Nexus  
  100  24:35  High Templar  
  65  25:15  Zealot x2  
  69  25:39  Stalker x2  
Tags
 
Add a new tag
Caveats
  • Supply blocks, unpowered buildings, or Contaminate may cause inaccurate times.
  • Supply counts are checked every 10 seconds.